 Dungeon Crawl Stone Soup version 0.31.0-32-g396128a36d (webtiles) character file.

Game seed: 2191906556170404962

3213 nshep25 the Cleaver (level 9, -3/79 HPs)
             Began as a Minotaur Fighter on Mar 16, 2024.
             Was an Initiate of Gozag.
             Slain by an acid dragon (8 damage)
             ... on level 8 of the Dungeon.
             The game lasted 00:16:26 (7746 turns).

nshep25 the Cleaver (Minotaur Fighter)              Turns: 7746, Time: 00:16:27

Health: -3/79      AC:  0    Str: 24    XL:     9   Next: 65%
Magic:  8/8        EV: 10    Int:  5    God:    Gozag
Gold:   649        SH:  0    Dex: 11    Spells: 8/8 levels left

rFire   . . .        G - +1 hand axe (heavy)
rCold   . . .        o - +0 tower shield
rNeg    . . .        i - +3 leather armour of the Unbroken {Rampage Will+}
rPois   +            (helmet restricted)
rElec   .            p - +1 cloak
rCorr   .            n - +0 pair of gloves
SInv    +            H - +1 pair of boots
Will    +....        (no amulet)
Stlth   +            e - ring of poison resistance
HPRegen 0.33/turn    C - ring of see invisible
MPRegen 0.11/turn

%: rampage
@: confused, mighty, ambrosia-drunk, corroded, gold aura, hasted, very quick
A: horns 2, retaliatory headbutt
a: Renounce Religion, Potion Petition, Call Merchant, Bribe Branch


You were on level 8 of the Dungeon.
You worshipped Gozag.
Gozag was pleased with you.
You visited 2 branches of the dungeon, and saw 9 of its levels.
You also visited: Ossuary.

You collected 760 gold pieces.
You paid 111 gold pieces to Gozag.

Inventory:

Hand Weapons
 a - a +0 war axe
 r - a +5 battleaxe of freezing
 G - a +1 heavy hand axe (weapon)
Missiles
 D - 6 javelins (quivered)
Armour
 b - a +0 scale mail
 c - a +0 buckler
 i - the +3 leather armour of the Unbroken (worn) {Rampage Will+}
   (You found it on level 2 of the Dungeon)

   Will+:     It increases your willpower.
   Rampage:   It bestows one free step when moving towards enemies.
 n - a +0 pair of gloves (worn)
 o - a +0 tower shield (worn)
 p - a +1 cloak (worn)
 H - a +1 pair of boots (worn)
Jewellery
 e - a ring of poison resistance (left hand)
 j - a ring of wizardry
 m - a ring of fire
 C - a ring of see invisible (right hand)
Wands
 v - a wand of digging (5)
 x - a wand of charming (11)
Scrolls
 g - a scroll of fog
 h - 2 scrolls of revelation
 k - 5 scrolls of identify
 q - a scroll of poison
 t - 5 scrolls of teleportation
 y - a scroll of vulnerability {unknown}
 B - a scroll of immolation
 E - a scroll of amnesia {unknown}
Potions
 d - a potion of might
 f - 2 potions of mutation
 l - 4 potions of haste
 s - a potion of ambrosia
 u - a potion of lignification {unknown}
 w - a potion of brilliance
 z - 2 potions of enlightenment
 A - 4 potions of attraction
 F - a potion of resistance


   Skills:
 + Level 7.1 Fighting
 + Level 12.3 Axes
 + Level 5.7 Armour
 + Level 4.6 Dodging
 + Level 2.5 Stealth
 + Level 5.5 Shields


You had 8 spell levels left.
You didn't know any spells.
Your spell library contained the following spells:

 Spells                   Type           Power      Damage    Failure   Level
 Magic Dart               Conj           0%         1d3       96%         1
 Mercury Vapours          Alch/Air       0%         N/A       99%         2
 Searing Ray              Conj           0%         2d4       99%         2
 Inner Flame              Hex/Fire       0%         N/A       100%        3
 Mephitic Cloud           Conj/Alch/Air  0%         N/A       100%        3
 Anguish                  Hex/Necr       0%         N/A       100%        4
 Cause Fear               Hex            0%         N/A       100%        4
 Fulminant Prism          Conj/Alch      0%         3d5       100%        4
 Borgnjor's Vile Clutch   Necr/Erth      0%         N/A       100%        5
 Freezing Cloud           Conj/Ice/Air   0%         6-21      100%        5
 Irradiate                Conj/Alch      0%         3d11      100%        5
 Death Channel            Necr           0%         N/A       100%        6
 Enfeeble                 Hex            0%         N/A       100%        7
 Ignition                 Fire           0%         3d3       100%        8
 Animate Dead             Necr           Unusable   N/A       N/A         4

Dungeon Overview and Level Annotations

Branches:
Dungeon (8/15)             Temple (1/1) D:7         Ossuary (visited)
   Lair: D:8-11

Altars:
Ashenzari
Cheibriados
Dithmenos
Elyvilon
Fedhas
Gozag
Hepliaklqana
Kikubaaqudgha
Makhleb
Nemelex Xobeh
Okawaru
Qazlal
Ru
Uskayaw
Vehumet
Wu Jian
Xom
Yredelemnul
Zin
The Shining One

Shops:
D:5 *

Annotations:
D:8 1 transporter


Innate Abilities, Weirdness & Mutations

You have a pair of horns on your head.
You reflexively headbutt those who attack you in melee.


Message History

The jelly is almost dead.
You hit the jelly.
Your hands burn!
The jelly hits you.
You are splashed with acid!
You block the jelly's attack. x2
The jelly hits you but does no damage.
You slash the jelly!
Your hands burn!
The jelly is almost dead.
You hit the jelly.
You kill the jelly!
The acid dragon spits acid at you. The splash of acid misses you.
You block the jelly's attack.
The acid dragon is distracted by your dazzling golden aura.
The acid dragon roars!
You rampage towards the acid dragon!
You barely miss the acid dragon.
The acid dragon is no longer distracted by gold.
You headbutt the acid dragon.
The acid dragon is lightly wounded.
You slash the jelly!
Your hands burn!
You slash the jelly!
Your hands burn!
The jelly hits you. The acid corrodes you!
You are splashed with acid!
You block the jelly's attack. The acid dragon bites you.
The acid dragon claws you but does no damage.
You feel yourself speed up. You block the jelly's attack.
The acid dragon bites you. The acid dragon closely misses you.
You block the jelly's attack. The jelly barely misses you.
The acid dragon barely misses you. The acid dragon closely misses you.
You feel very mighty all of a sudden. The jelly hits you but does no damage.
You block the acid dragon's attack. x2
You block the jelly's attack. x2; The acid dragon misses you.
The acid dragon claws you.
You are confused.
You feel invigorated. The jelly hits you but does no damage.
The acid dragon bites you!
* * * LOW HITPOINT WARNING * * *
The acid dragon barely misses you. The jelly hits you but does no damage.
The jelly hits you.
* * * LOW HITPOINT WARNING * * *
The acid corrodes you!
You are splashed with acid!
* * * LOW HITPOINT WARNING * * *
The acid dragon bites you!
You die...
Your body crumbles into a pile of gold.

≈####..................##........
#.....###....................##..
####..######.#....####.##.##.##..
###.....#######...# #.#...#.##..
##..[.#.#☼°☼..########.....#.##.#
......#.#○○○☼J#○○☼°☼○#.#...#.##.#
##...##.#°○°○○#○°☼○°.#.......#...
........#|[○°°☼J#D#○.#...........
...##..©#©$○☼○°D@J©☼°#©......#...
######..#?$☼○.○J#.#○°#...........
####°○○°○#°.☼°°.#..........#
#.#☼°°☼.#°○○○○○##..........
#.#☼°○..#########......####
##.#######..#...........#
#..##.......###.#.......#
#.###.##.......###.....## #.#
#.####<.###.#......##


You could see 2 acid dragons and 3 jellies.

Vanquished Creatures
  A troll (D:8)
  Grinder (D:5)
  A steam dragon (D:6)
  2 water moccasins
  An ice beast (D:6)
  An orc warrior (D:8)
  2 ogres
  2 phantoms
  A centaur (D:8)
  3 kobold brigands (D:8)
  5 bullfrogs
  3 wights (Ossuary)
  2 burial acolytes (Ossuary)
  6 killer bees (D:8)
  2 howler monkeys (D:8)
  3 jellies
  2 orc priests (D:6)
  A gnoll bouda (D:7)
  5 hounds
  2 iguanas
  Crazy Yiuf (D:4)
  Terence (D:2)
  3 orc wizards
  4 gnolls (D:7)
  7 adders
  A shadow imp (D:7)
  2 white imps
  2 ufetubi (D:6)
  3 dart slugs
  A ribbon worm (D:2)
  24 orcs
  7 ball pythons
  12 endoplasms
  14 goblins
  6 hobgoblins
  6 jackals
  5 quokkas
  3 ball python skeletons (Ossuary)
  6 bats
  4 frilled lizards
  A goblin zombie (D:4)
  3 hobgoblin skeletons (Ossuary)
  20 kobolds
  An orc skeleton (Ossuary)
  10 rats
193 creatures vanquished.

Notes
Turn   | Place    | Note
-------+----------+-------------------------------------------
     0 | D:1      | nshep25 the Minotaur Fighter began the quest for the Orb.
     0 | D:1      | Reached XP level 1. HP: 19/19 MP: 0/0
    73 | D:1      | Reached XP level 2. HP: 24/27 MP: 1/1
   357 | D:1      | Reached XP level 3. HP: 30/33 MP: 2/2
   803 | D:2      | Identified the +3 leather armour of the Unbroken {Rampage
                  | Will+}
   831 | D:2      | Noticed Terence
   839 | D:2      | Killed Terence
   840 | D:2      | Reached skill level 3 in Axes
  1129 | D:2      | Reached XP level 4. HP: 39/40 MP: 3/3
  1655 | D:3      | Found a faded altar of an unknown god.
  1707 | D:3      | Reached skill level 4 in Axes
  2209 | D:3      | Found a radiant altar of Vehumet.
  2216 | D:3      | Found a blossoming altar of Fedhas.
  2219 | D:3      | Found an ancient bone altar of Kikubaaqudgha.
  2219 | D:3      | Found a burning altar of Makhleb.
  2232 | D:3      | Reached skill level 1 in Dodging
  2232 | D:3      | Reached XP level 5. HP: 24/47 MP: 4/4
  2335 | D:3      | Found an iron altar of Okawaru.
  2681 | D:4      | Reached skill level 5 in Axes
  2744 | D:4      | Found a sand-covered staircase.
  2751 | Ossuary  | Entered an ossuary
  2816 | Ossuary  | Reached XP level 6. HP: 53/53 MP: 5/5
  2890 | Ossuary  | Reached skill level 6 in Axes
  2992 | Ossuary  | Reached skill level 5 in Shields
  3203 | D:4      | Reached XP level 7. HP: 60/60 MP: 6/6
  3506 | D:4      | Found a runed translucent door.
  3507 | D:4      | Noticed Crazy Yiuf
  3662 | D:4      | Killed Crazy Yiuf
  3663 | D:4      | Reached skill level 7 in Axes
  3784 | D:5      | Entered Level 5 of the Dungeon
  4093 | D:5      | Reached skill level 5 in Fighting
  4093 | D:5      | Reached skill level 8 in Axes
  4166 | D:5      | Found Tocix's Assorted Antiques.
  4244 | D:5      | Noticed Grinder
  4253 | D:5      | Killed Grinder
  4254 | D:5      | Reached skill level 1 in Stealth
  4254 | D:5      | Reached XP level 8. HP: 68/68 MP: 7/7
  5033 | D:6      | Reached skill level 9 in Axes
  5033 | D:6      | Reached skill level 5 in Armour
  5321 | D:6      | Reached skill level 10 in Axes
  5688 | D:7      | Found a staircase to the Ecumenical Temple.
  5700 | Temple   | Entered the Ecumenical Temple
  5710 | Temple   | Became a worshipper of Gozag Ym Sagoz the Greedy
  6189 | D:7      | Reached XP level 9. HP: 75/75 MP: 8/8
  6265 | D:7      | Found an ornate altar of the Wu Jian Council.
  6684 | D:8      | Reached skill level 11 in Axes
  6964 | D:8      | Found a transporter.
  7006 | D:8      | Noticed a troll
  7013 | D:8      | Killed a troll
  7042 | D:8      | Reached skill level 12 in Axes
  7326 | D:8      | Found a transporter.
  7746 | D:8      | Slain by an acid dragon

Illustrated notes

Levels and vault maps discovered:
D:1:      shiori_arrival_maze, layout_loops_cross, serial_forest,
          infiniplex_forest_corner_1, infiniplex_forest_side_room,
          infiniplex_forest_lined_corner, infiniplex_forest_end_2,
          infiniplex_forest_lined_corner, infiniplex_forest_lined_2
D:2:      layout_basic, uniq_terence
D:3:      layout_basic, nicolae_overflow_hallway_of_the_gods,
          ebering_ecumenical_altar_sacrificial, grunt_decor_junction,
          nrook_campfire
D:4:      layout_loops_corners, enter_ossuary_3, uniq_crazy_yiuf_cottage
D:5:      layout_loops_corners, serial_shops, nicolae_shop_tiny_waterfront,
          hangedman_decor_points, uniq_grinder
D:6:      layout_cave_pools, minmay_misc_feat_chi
D:7:      layout_gridville, mainiacjoe_overflow_surrounded_room,
          minmay_temple_entry_offerings
D:8:      gammafunk_cloud_chamber, layout_loops_cross,
          chequers_serial_rivers_micro_a, kennysheep_small_circle
Temple:   nicolae_temple_great_sept

Skill      XL: |  1  2  3  4  5  6  7  8  9 |
---------------+----------------------------+-----
Shields        | 4 5 |  5.5
Armour         | 4 5 |  5.7
Axes           | 3 4 5 6 8 10 12 | 12.3
Fighting       | 4 5 6 7 |  7.1
Dodging        | 1 2 3 4 |  4.6
Stealth        | 1 2 |  2.5

Action                     |  1- 3 |  4- 6 |  7- 9 || total
---------------------------+-------+-------+-------++-------
  Melee: War axe           |    93 |   137 |       ||   230
         Headbutt          |     7 |    19 |    23 ||    49
         Battleaxe         |       |     7 |   171 ||   178
         Hand axe          |       |       |    28 ||    28
    Use: Scroll            |       |       |    15 ||    15
         Potion            |       |       |     3 ||     3
   Stab: Sleeping          |       |     2 |     3 ||     5
         Distracted        |       |       |     2 ||     2
 Armour: Scale mail        |    45 |       |       ||    45
         Leather armour    |    15 |    89 |   149 ||   253
  Dodge: Dodged            |    41 |    45 |   130 ||   216
  Block: Buckler           |    24 |     4 |       ||    28
         Tower shield      |       |    52 |    28 ||    80
